[ PARTIDA AOE2 · #495975797 ]
UnrankedAztecas vs Vietnamese
Equipo del jugador · VICT
Equipo rival · DERR
[ ANÁLISIS DE REPETICIÓN · EXTRAÍDO DE LA PARTIDA GRABADA ]
Feudal
11:34
Castillos
21:27
Imperial
36:04
| APM promedio | 48.1 |
| APM pico | 119 |
| eAPM promedio | 24.6 |
| Aldeanos / militares | 148 / 197 |
Foco
⚔️ 44.0% · 🌾 56.0%
Archer ×78 · Eagle Scout ×61 · Skirmisher ×20 · Mangonel ×18 · Spearman ×10 · Militia ×4
Feudal
9:26
Castillos
21:36
Imperial
36:10
| APM promedio | 55.0 |
| APM pico | 116 |
| eAPM promedio | 29.3 |
| Aldeanos / militares | 170 / 202 |
Foco
⚔️ 38.8% · 🌾 61.2%
Rattan Archer ×71 · Fire Lancer ×61 · Archer ×41 · Skirmisher ×19 · Bombard Cannon ×5 · Trebuchet (Packed) ×4
Mapa de la partida
Recursos iniciales + cada clic de construcción. Líneas = muros · curvas = relieve. ◆ oro · ⬟ piedra · ● bayas · ✦ reliquia · ◌ hueco del cierre
Tu base· Abierta — flanco sin cerrar
Base de Kurminog· Abierta — flanco sin cerrar
Terreno inicial suavizado · ◌ = hueco del cierre detectado · pasá el cursor para detalles
Inputs por minuto
— Pandora_heart - - Kurminog
Build order — Pandora_heart
Primeras 150 de 545 acciones detectadas
| 0:01 | Crear | Villager (Male) ×4 |
| 0:03 | Construir | House |
| 0:05 | Construir | House |
| 1:24 | Crear | Villager (Male) |
| 2:11 | Crear | Villager (Male) |
| 2:12 | Crear | Villager (Male) |
| 2:12 | Crear | Villager (Male) |
| 2:29 | Construir | Lumber Camp |
| 2:54 | Crear | Villager (Male) |
| 2:54 | Crear | Villager (Male) |
| 2:54 | Crear | Villager (Male) |
| 3:34 | Crear | Villager (Male) |
| 4:04 | Crear | Villager (Male) |
| 4:25 | Construir | House |
| 4:33 | Crear | Villager (Male) |
| 4:47 | Crear | Villager (Male) |
| 4:54 | Construir | Barracks |
| 5:11 | Crear | Villager (Male) |
| 5:31 | Construir | House |
| 5:39 | Crear | Villager (Male) |
| 6:00 | Crear | Militia |
| 6:00 | Crear | Militia |
| 6:08 | Crear | Militia |
| 6:08 | Crear | Militia |
| 6:18 | Construir | House |
| 6:26 | Crear | Villager (Male) |
| 6:48 | Crear | Villager (Male) |
| 7:06 | Construir | Mill |
| 7:15 | Crear | Villager (Male) |
| 7:39 | Crear | Villager (Male) |
| 8:02 | Investigar | Loom |
| 8:34 | Crear | Villager (Male) |
| 8:35 | Crear | Villager (Male) |
| 9:15 | Construir | Lumber Camp |
| 9:24 | Investigar | Feudal Age |
| 9:30 | Construir | Mining Camp |
| 10:32 | Construir | House |
| 11:10 | Construir | Palisade Wall |
| 11:11 | Construir | Palisade Wall |
| 11:34 | Edad | Edad Feudal |
| 11:39 | Crear | Villager (Male) |
| 11:39 | Crear | Villager (Male) |
| 11:46 | Construir | Archery Range |
| 11:48 | Investigar | Double-Bit Axe |
| 11:48 | Investigar | Horse Collar |
| 11:51 | Construir | Farm |
| 11:53 | Construir | Farm |
| 11:56 | Construir | Farm |
| 11:58 | Crear | Villager (Male) |
| 12:00 | Construir | House |
| 12:13 | Construir | Palisade Wall |
| 12:15 | Crear | Spearman |
| 12:28 | Crear | Villager (Male) |
| 12:30 | Crear | Archer |
| 12:30 | Crear | Archer |
| 12:35 | Construir | Farm |
| 12:47 | Construir | Farm |
| 12:50 | Crear | Villager (Male) |
| 12:52 | Construir | Farm |
| 12:58 | Crear | Archer |
| 13:02 | Construir | Palisade Wall |
| 13:23 | Construir | Farm |
| 13:23 | Crear | Villager (Male) |
| 13:26 | Construir | Palisade Wall |
| 13:32 | Construir | Palisade Wall |
| 13:36 | Construir | House |
| 13:40 | Construir | House |
| 13:48 | Crear | Archer |
| 13:51 | Crear | Villager (Male) |
| 13:53 | Construir | Farm |
| 13:59 | Construir | Farm |
| 14:06 | Crear | Villager (Male) |
| 14:24 | Construir | Farm |
| 14:25 | Crear | Villager (Male) |
| 14:33 | Construir | House |
| 14:45 | Crear | Villager (Male) |
| 14:52 | Construir | Blacksmith |
| 15:18 | Crear | Villager (Male) |
| 15:28 | Crear | Archer |
| 15:29 | Crear | Archer |
| 15:29 | Crear | Archer |
| 15:43 | Crear | Villager (Male) |
| 15:53 | Construir | Farm |
| 15:59 | Construir | House |
| 16:03 | Construir | House |
| 16:12 | Crear | Villager (Male) |
| 16:15 | Construir | Palisade Wall |
| 16:27 | Crear | Skirmisher |
| 16:29 | Crear | Skirmisher |
| 16:37 | Construir | Palisade Gate |
| 16:51 | Investigar | Fletching |
| 16:52 | Crear | Villager (Male) |
| 17:04 | Construir | Farm |
| 17:06 | Construir | Farm |
| 17:08 | Construir | Farm |
| 17:10 | Crear | Villager (Male) |
| 17:21 | Crear | Skirmisher |
| 17:31 | Crear | Skirmisher |
| 17:33 | Construir | Farm |
| 17:35 | Construir | Farm |
| 17:36 | Crear | Villager (Male) |
| 17:49 | Crear | Villager (Male) |
| 17:53 | Construir | Palisade Gate |
| 17:58 | Construir | Palisade Gate |
| 18:01 | Construir | House |
| 18:35 | Crear | Archer |
| 18:35 | Crear | Archer |
| 18:38 | Construir | Archery Range |
| 18:47 | Investigar | Castle Age |
| 18:47 | Investigar | Castle Age |
| 19:05 | Investigar | Padded Archer Armor |
| 19:13 | Crear | Archer |
| 19:13 | Crear | Archer |
| 19:15 | Crear | Archer |
| 19:22 | Construir | Palisade Gate |
| 19:48 | Crear | Archer |
| 19:52 | Crear | Archer |
| 20:32 | Investigar | Wheelbarrow |
| 21:27 | Edad | Edad de los Castillos |
| 21:28 | Investigar | Crossbowman (upgrade) |
| 21:28 | Investigar | Crossbowman (upgrade) |
| 21:29 | Investigar | Bodkin Arrow |
| 21:29 | Investigar | Bodkin Arrow |
| 21:33 | Crear | Villager (Male) |
| 21:33 | Crear | Villager (Male) |
| 21:36 | Crear | Villager (Male) |
| 21:47 | Crear | Archer |
| 21:51 | Construir | University |
| 22:01 | Crear | Villager (Male) |
| 22:04 | Construir | Town Center |
| 22:11 | Crear | Archer |
| 22:12 | Crear | Archer |
| 22:14 | Crear | Archer |
| 22:14 | Crear | Archer |
| 22:23 | Crear | Villager (Male) |
| 22:27 | Construir | Town Center |
| 22:45 | Investigar | Leather Archer Armor |
| 22:47 | Crear | Villager (Male) |
| 22:55 | Investigar | Gold Mining |
| 23:26 | Investigar | Bow Saw |
| 23:43 | Crear | Archer |
| 23:44 | Crear | Archer |
| 23:44 | Crear | Villager (Male) |
| 23:45 | Crear | Villager (Male) |
| 23:47 | Crear | Villager (Male) |
| 23:47 | Crear | Villager (Male) |
| 24:16 | Investigar | Ballistics |
| 24:16 | Investigar | Ballistics |
| 24:21 | Crear | Villager (Male) |
| 24:22 | Crear | Villager (Male) |
Build order — Kurminog
Primeras 150 de 580 acciones detectadas
| 0:01 | Crear | Villager (Male) |
| 0:01 | Crear | Villager (Male) |
| 0:01 | Crear | Villager (Male) |
| 0:03 | Construir | House |
| 0:04 | Construir | House |
| 0:21 | Crear | Villager (Male) |
| 0:21 | Crear | Villager (Male) |
| 1:28 | Crear | Villager (Male) |
| 1:28 | Crear | Villager (Male) |
| 1:59 | Construir | Lumber Camp |
| 2:04 | Crear | Villager (Male) |
| 2:05 | Crear | Villager (Male) |
| 2:18 | Crear | Villager (Male) |
| 2:18 | Crear | Villager (Male) |
| 2:55 | Crear | Villager (Male) |
| 2:55 | Crear | Villager (Male) |
| 3:15 | Crear | Villager (Male) |
| 3:16 | Crear | Villager (Male) |
| 3:43 | Crear | Villager (Male) |
| 3:43 | Crear | Villager (Male) |
| 3:50 | Construir | House |
| 4:14 | Crear | Villager (Male) |
| 4:14 | Crear | Villager (Male) |
| 4:20 | Construir | Mill |
| 4:45 | Crear | Villager (Male) |
| 4:46 | Crear | Villager (Male) |
| 5:42 | Crear | Villager (Male) |
| 5:47 | Construir | Mill |
| 5:54 | Investigar | Loom |
| 6:05 | Construir | House |
| 6:49 | Crear | Villager (Male) |
| 7:16 | Investigar | Feudal Age |
| 7:16 | Investigar | Feudal Age |
| 7:35 | Construir | Mining Camp |
| 7:47 | Construir | House |
| 7:49 | Construir | Palisade Wall |
| 8:22 | Construir | Palisade Wall |
| 8:23 | Construir | Palisade Wall |
| 8:23 | Construir | Palisade Wall |
| 8:23 | Construir | Palisade Wall |
| 8:24 | Construir | Palisade Wall |
| 8:25 | Construir | Palisade Wall |
| 9:09 | Construir | Barracks |
| 9:26 | Edad | Edad Feudal |
| 9:28 | Crear | Villager (Male) |
| 9:32 | Construir | Palisade Wall |
| 9:33 | Construir | Palisade Wall |
| 9:36 | Investigar | Double-Bit Axe |
| 9:40 | Construir | Palisade Wall |
| 9:42 | Construir | Palisade Wall |
| 9:47 | Construir | Palisade Wall |
| 9:52 | Crear | Villager (Male) |
| 9:56 | Investigar | Horse Collar |
| 10:13 | Construir | Farm |
| 10:20 | Construir | Farm |
| 10:22 | Construir | Farm |
| 10:23 | Construir | Palisade Wall |
| 10:36 | Construir | Palisade Wall |
| 10:39 | Construir | Archery Range |
| 10:39 | Crear | Villager (Male) |
| 11:08 | Crear | Villager (Male) |
| 11:13 | Construir | Farm |
| 11:21 | Crear | Archer |
| 11:21 | Crear | Archer |
| 11:35 | Crear | Villager (Male) |
| 11:37 | Construir | Farm |
| 11:40 | Construir | Farm |
| 12:03 | Crear | Villager (Male) |
| 12:21 | Crear | Villager (Male) |
| 12:22 | Crear | Archer |
| 12:36 | Crear | Archer |
| 12:37 | Crear | Villager (Male) |
| 12:38 | Construir | Farm |
| 12:56 | Construir | House |
| 12:59 | Investigar | Town Watch |
| 13:10 | Construir | Blacksmith |
| 13:28 | Crear | Archer |
| 13:30 | Crear | Villager (Male) |
| 13:47 | Crear | Villager (Male) |
| 13:56 | Investigar | Fletching |
| 14:03 | Crear | Archer |
| 14:11 | Construir | Farm |
| 14:13 | Construir | Farm |
| 14:16 | Construir | House |
| 14:21 | Crear | Villager (Male) |
| 14:36 | Construir | House |
| 14:39 | Investigar | Wheelbarrow |
| 14:44 | Crear | Villager (Male) |
| 14:57 | Construir | House |
| 14:58 | Crear | Villager (Male) |
| 15:01 | Crear | Archer |
| 15:06 | Investigar | Padded Archer Armor |
| 15:19 | Crear | Archer |
| 15:24 | Construir | House |
| 15:36 | Construir | Farm |
| 15:36 | Crear | Villager (Male) |
| 15:38 | Crear | Archer |
| 15:51 | Construir | Farm |
| 15:53 | Crear | Villager (Male) |
| 16:02 | Construir | Farm |
| 16:10 | Crear | Villager (Male) |
| 16:16 | Crear | Archer |
| 16:21 | Crear | Villager (Male) |
| 16:27 | Construir | Farm |
| 16:36 | Construir | Farm |
| 16:36 | Crear | Villager (Male) |
| 16:38 | Crear | Archer |
| 17:16 | Crear | Villager (Male) |
| 17:25 | Crear | Villager (Male) |
| 17:32 | Construir | Market |
| 17:37 | Crear | Villager (Male) |
| 17:52 | Crear | Archer |
| 17:55 | Construir | Farm |
| 18:05 | Construir | Farm |
| 18:56 | Investigar | Castle Age |
| 19:02 | Crear | Archer |
| 19:34 | Crear | Archer |
| 19:37 | Investigar | Gold Mining |
| 19:46 | Construir | Archery Range |
| 20:00 | Crear | Archer |
| 20:43 | Crear | Archer |
| 20:51 | Crear | Archer |
| 21:03 | Crear | Villager (Male) |
| 21:36 | Edad | Edad de los Castillos |
| 21:36 | Crear | Archer |
| 21:40 | Investigar | Bodkin Arrow |
| 21:41 | Investigar | Crossbowman (upgrade) |
| 21:48 | Investigar | Bow Saw |
| 21:49 | Crear | Villager (Male) |
| 21:55 | Construir | Town Center |
| 22:00 | Crear | Archer |
| 22:00 | Crear | Villager (Male) |
| 22:13 | Crear | Archer |
| 22:13 | Crear | Archer |
| 22:15 | Crear | Villager (Male) |
| 22:23 | Crear | Villager (Male) |
| 22:30 | Crear | Archer |
| 22:30 | Crear | Archer |
| 22:31 | Crear | Villager (Male) |
| 22:46 | Investigar | Hand Cart |
| 22:51 | Crear | Archer |
| 23:11 | Crear | Archer |
| 23:11 | Crear | Archer |
| 23:12 | Crear | Villager (Male) |
| 23:21 | Crear | Villager (Male) |
| 23:21 | Crear | Villager (Male) |
| 23:30 | Construir | Farm |
| 23:31 | Construir | Farm |
| 23:38 | Crear | Villager (Male) |
| 23:38 | Crear | Villager (Male) |
Cronología de la partida
| 4:54 | Pandora_heart · first_building Barracks |
| 7:49 | Kurminog · wall_segment Palisade Wall x3 |
| 8:22 | Kurminog · wall_segment Palisade Wall x1 |
| 8:23 | Kurminog · wall_segment Palisade Wall x1 |
| 8:23 | Kurminog · wall_segment Palisade Wall x1 |
| 8:23 | Kurminog · wall_segment Palisade Wall x1 |
| 8:24 | Kurminog · wall_segment Palisade Wall x1 |
| 8:25 | Kurminog · wall_segment Palisade Wall x1 |
| 9:09 | Kurminog · first_building Barracks |
| 9:26 | Kurminog · age_up feudal |
| 9:32 | Kurminog · wall_segment Palisade Wall x1 |
| 9:33 | Kurminog · wall_segment Palisade Wall x1 |
| 9:40 | Kurminog · wall_segment Palisade Wall x1 |
| 9:42 | Kurminog · wall_segment Palisade Wall x1 |
| 9:47 | Kurminog · wall_segment Palisade Wall x1 |
| 10:23 | Kurminog · wall_segment Palisade Wall x1 |
| 10:36 | Kurminog · wall_segment Palisade Wall x1 |
| 10:39 | Kurminog · first_building Archery Range |
| 11:10 | Pandora_heart · wall_segment Palisade Wall x1 |
| 11:11 | Pandora_heart · wall_segment Palisade Wall x1 |
| 11:34 | Pandora_heart · age_up feudal |
| 11:46 | Pandora_heart · first_building Archery Range |
| 12:13 | Pandora_heart · wall_segment Palisade Wall x1 |
| 13:02 | Pandora_heart · wall_segment Palisade Wall x15 |
| 13:26 | Pandora_heart · wall_segment Palisade Wall x11 |
| 13:32 | Pandora_heart · wall_segment Palisade Wall x7 |
| 16:15 | Pandora_heart · wall_segment Palisade Wall x1 |
| 18:33 | Kurminog · first_market_buy 100 food |
| 18:56 | Kurminog · first_market_sell 100 wood |
| 21:27 | Pandora_heart · age_up castle |
| 21:36 | Kurminog · age_up castle |
| 25:32 | Pandora_heart · first_building Siege Workshop |
| 25:37 | Pandora_heart · first_building Monastery |
| 25:57 | Kurminog · first_building Monastery |
| 31:12 | Kurminog · first_building Siege Workshop |
| 31:15 | Kurminog · first_building Castle |
| 36:04 | Pandora_heart · age_up imperial |
| 36:10 | Kurminog · age_up imperial |
| 36:29 | Pandora_heart · first_building Castle |
| 37:40 | Kurminog · wall_segment Stone Wall x3 |
| 40:31 | Kurminog · wall_segment Stone Wall x1 |
| 41:04 | Kurminog · wall_segment Stone Wall x1 |
| 42:31 | Kurminog · first_building Stable |
| 44:10 | Kurminog · wall_segment Stone Wall x6 |
| 44:34 | Pandora_heart · first_market_sell 500 food |
| 49:28 | Kurminog · resign |
[ ANÁLISIS IA · 1 CRÉDITO ]
¿Qué pasó realmente en esta partida?
Wolo.gg analiza cada decisión: build order, eco, micro, errores típicos por bracket. Análisis personalizado por WhatsApp o Discord en 30 segundos.
Guía civ
Aztecas
Perfil
Pandora_heart